 Dungeon Crawl Stone Soup version 0.29.1-15-g9cfb28693d (webtiles) character file.

Game seed: 9972424603676295450

660 DemonSlayer the Digger (level 7, -4/48 HPs)
             Began as a Demonspawn Earth Elementalist on Mar 21, 2023.
             Was a Follower of Cheibriados.
             Killed by divine providence
             ... invoked by an orc priest
              (19 damage)
             ... on level 5 of the Dungeon.
             The game lasted 00:10:35 (5000 turns).

DemonSlayer the Digger (DsEE)                       Turns: 5000, Time: 00:10:35

Health: -4/48      AC:  8    Str: 17    XL:     7   Next: 30%
Magic:  10/14      EV: 13    Int: 20    God:    Cheibriados [*.....]
Gold:   93         SH:  5    Dex: 16    Spells: 5/15 levels left

rFire   . . .      SeeInvis .   k - +0 short sword (flame)
rCold   . . .      Faith    .   (no shield)
rNeg    . . .      Spirit   .   s - +2 robe of the Unbroken {Contam Harm Will+ Str+4}
rPois   .          Reflect  +   a - +0 helmet
rElec   .          Harm     +   (no cloak)
rCorr   .          Rampage  .   r - +2 pair of gloves
Will    +....                   (no boots)
Stlth   ++........              l - amulet of reflection
HPRegen 0.16/turn               (no ring)
MPRegen 0.14/turn               (no ring)

@: very slow
A: hooves 2, ignite blood 1, sturdy frame 1
a: Renounce Religion, Bend Time


You were on level 5 of the Dungeon.
You worshipped Cheibriados.
Cheibriados was aware of your devotion.
You visited 1 branch of the dungeon, and saw 5 of its levels.

You collected 343 gold pieces.
You spent 250 gold pieces at shops.

Inventory:

Hand Weapons
 k - a +0 short sword of flaming (weapon)
Armour
 a - a +0 helmet (worn)
 r - a +2 pair of gloves (worn)
 s - the +2 robe of the Unbroken (worn) {Contam Harm Will+ Str+4}
   (You found it on level 2 of the Dungeon)

   Str:       It affects your strength (+4).
   Contam:    It causes magical contamination when unequipped.
   Harm:      It increases damage dealt and taken.
   Will:      It increases your willpower.
Jewellery
 l - an amulet of reflection (around neck)
Scrolls
 c - a scroll of blinking {unknown}
 g - 2 scrolls of enchant weapon {unknown}
 h - 6 scrolls of teleportation {unknown}
 m - a scroll of fear
 n - a scroll of magic mapping
 v - a scroll of enchant armour
 w - a scroll of vulnerability {unknown}
 y - a scroll of amnesia {unknown}
 z - a scroll of brand weapon {unknown}
 B - a scroll of fog {unknown}
Potions
 b - a potion of magic
 f - 2 potions of flight
 i - a potion of brilliance {unknown}
 j - 3 potions of curing
 o - a potion of might
 p - 2 potions of attraction {unknown}
 q - 2 potions of heal wounds
 t - a potion of degeneration {unknown}
 u - a potion of mutation {unknown}
 A - a potion of berserk rage {unknown}


   Skills:
 + Level 1.4 Fighting
 + Level 2.6 Dodging
 + Level 2.7 Stealth
 + Level 0.5 Shields
 + Level 4.9 Spellcasting
 + Level 1.0 Transmutations
 + Level 5.2 Earth Magic


You had 5 spell levels left.
You knew the following spells:

 Your Spells              Type           Power      Damage    Failure   Level
a - Sandblast             Erth           52%        2d12      1%          1
b - Passwall              Tmut/Erth      14%        N/A       4%          2
c - Stone Arrow           Conj/Erth      30%        3d8       12%         3
d - Petrify               Tmut/Erth      17%        N/A       32%         4

Your spell library contained the following spells:

 Spells                   Type           Power      Damage    Failure   Level
 Gell's Gravitas          Tloc           4%         N/A       34%         3
 Lesser Beckoning         Tloc           4%         N/A       34%         3
 Teleport Other           Tloc           4%         N/A       34%         3


Dungeon Overview and Level Annotations

Branches:
Dungeon (5/15)
 Temple: D:4-7

Altars:
Cheibriados
Vehumet
Wu Jian
Xom
Yredelemnul

Shops:
D:1 ?


Innate Abilities, Weirdness & Mutations

You have hoof-like feet.
Your demonic aura sometimes causes spilled blood to erupt in flames.
Your movements are slightly less encumbered by armour. (ER -2)


Message History

Beogh smites you!
You hear a shout!
The quokka completely misses you. The quokka attacks as you move away!
You block the quokka's attack.
The orc priest mumbles some strange prayers to Beogh against you.
Beogh smites you! The quokka misses you.
You are too injured to fight recklessly!
You are too injured to fight recklessly!
You are too injured to fight recklessly!
You are too injured to fight recklessly!
You are too injured to fight recklessly!
Casting: Sandblast (safe; 1% risk of failure)
Confirm with . or Enter, or press ? or * to list all spells.
Aiming: Sandblast (safe; 1% risk of failure)
Press: ? - help, Shift-Dir - straight line, f - quokka
Aim: a quokka (76% to hit)
The blast of sand hits the quokka!
You kill the quokka!
Cheibriados thoroughly appreciates the change of pace.
The orc priest invokes the aid of Beogh against you.
You resist with some effort.
Unknown command.
Casting: Sandblast (safe; 1% risk of failure)
Confirm with . or Enter, or press ? or * to list all spells.
Aiming: Sandblast (safe; 1% risk of failure)
Press: ? - help, Shift-Dir - straight line, f - orc priest
Aim: an orc priest, wielding a +0 dagger and wearing a +0 leather armour (83% to hit)
The blast of sand hits the orc priest!
The orc priest is almost dead.
Casting: Sandblast (safe; 1% risk of failure)
Confirm with . or Enter, or press ? or * to list all spells.
Aiming: Sandblast (safe; 1% risk of failure)
Press: ? - help, Shift-Dir - straight line, f/p - orc priest
Aim: an orc priest, wielding a +0 dagger and wearing a +0 leather armour (almost dead, 83% to hit)
The blast of sand hits the orc priest.
The orc priest is almost dead.
The orc priest closely misses you.
The orc priest calls down the wrath of Beogh upon you.
Beogh smites you!
You die...

#..#........ #.#..o ##.#).......
#.#..# #.#........ .....# o
##.#.......# ###.#..###..
...#....<#.. ......o....
##.#.##### # #######.#.......
#......... .......o.)......
##..###################.#..###..
#..# #.........@oooo......# #..#
#.#############.###..# #..# #.#
#.# ..... #..# #.# #.# ......
#..# #.# #.# ..#### #..###.# #.#
.## #....#.# #.# ##.#.#.# #.#
#.....#


You could see an orc priest and 3 orcs.

Vanquished Creatures
  An ogre (D:5)
  2 phantoms (D:4)
  A necrophage (D:4)
  A howler monkey (D:3)
  3 hounds
  A gnoll bouda (D:5)
  Robin (D:3)
  8 gnolls
  4 adders
  An ufetubus (D:5)
  3 worms
  4 dart slugs
  5 orcs
  3 bats
  7 endoplasms
  A giant cockroach (D:4)
  13 goblins
  11 hobgoblins
  4 jackals (D:4)
  2 quokkas
  3 ball pythons
  2 frilled lizards
  3 kobolds
  4 rats
88 creatures vanquished.

Notes
Turn   | Place    | Note
-------+----------+-------------------------------------------
     0 | D:1      | DemonSlayer the Demonspawn Earth Elementalist began the
                  | quest for the Orb.
     0 | D:1      | Reached XP level 1. HP: 13/13 MP: 3/3
   211 | D:1      | Reached skill level 1 in Transmutations
   254 | D:1      | Gained mutation: Your demonic aura sometimes causes spilled
                  | blood to erupt in flames. [demonic ancestry]
   254 | D:1      | Reached XP level 2. HP: 6/19 MP: 0/5
   474 | D:1      | Reached skill level 3 in Earth Magic
   600 | D:1      | Found Volokun's Magic Scroll Shoppe.
   692 | D:1      | Bought a scroll of fear for 40 gold pieces
   692 | D:1      | Bought a scroll of identify for 20 gold pieces
   930 | D:1      | Bought a scroll of identify for 20 gold pieces
   930 | D:1      | Bought a scroll of identify for 20 gold pieces
   963 | D:2      | Reached XP level 3. HP: 24/24 MP: 2/6
  1518 | D:2      | Identified the +10 plate armour of the Dolphin {*Corrode
                  | rF++}
  1522 | D:2      | Identified the +2 robe of the Unbroken {Contam Harm Will+
                  | Str+4}
  1695 | D:2      | Gained mutation: Your movements are slightly less
                  | encumbered by armour. (ER -2) [demonic ancestry]
  1695 | D:2      | Reached XP level 4. HP: 30/30 MP: 5/8
  2117 | D:1      | Bought a scroll of magic mapping for 75 gold pieces
  2484 | D:3      | Gained mutation: You have large cloven feet. [demonic
                  | ancestry]
  2484 | D:3      | Reached XP level 5. HP: 32/36 MP: 3/10
  2741 | D:3      | Noticed Robin
  2760 | D:3      | Reached skill level 4 in Earth Magic
  3160 | D:3      | Found a snail-covered altar of Cheibriados.
  3170 | D:3      | Became a worshipper of Cheibriados the Contemplative
  3206 | D:3      | Killed Robin
  3450 | D:3      | Learned a level 2 spell: Passwall
  3454 | D:3      | Learned a level 3 spell: Stone Arrow
  3459 | D:3      | Learned a level 4 spell: Petrify
  3551 | D:1      | Bought a scroll of enchant armour for 75 gold pieces
  3948 | D:4      | Noticed a phantom
  3951 | D:4      | Killed a phantom
  3952 | D:4      | Gained mutation: You have hoof-like feet. [demonic
                  | ancestry]
  3952 | D:4      | Reached XP level 6. HP: 42/42 MP: 7/11
  4024 | D:4      | Found a shimmering altar of Xom.
  4198 | D:4      | Reached * piety under Cheibriados
  4281 | D:4      | Found a basalt altar of Yredelemnul.
  4346 | D:4      | Found an ornate altar of the Wu Jian Council.
  4548 | D:5      | Entered Level 5 of the Dungeon
  4556 | D:4      | Reached skill level 5 in Earth Magic
  4657 | D:5      | Found a radiant altar of Vehumet.
  4814 | D:5      | Reached XP level 7. HP: 12/46 MP: 10/14
  4818 | D:5      | Reached skill level 1 in Fighting
  5000 | D:5      | Killed from afar by an orc priest

Illustrated notes

Levels and vault maps discovered:
D:1:      psy_arrival_heroes, layout_basic, serial_shops, shop_coins,
          minmay_misc_feat_cross
D:2:      layout_loops_ring, kennysheep_generic_room_2
D:3:      layout_loops_ring, zin_statuary, mainiacjoe_overflow_tiny_flanked,
          uniq_robin
D:4:      layout_gridville, general_overflow_altar,
          mainiacjoe_overflow_cross_hatched, old_standard_altar,
          kennysheep_generic_room_12
D:5:      lemuel_ice_spiral_2, layout_basic, fiery_altar_vehumet,
          gammafunk_ghost_grave, kennysheep_boxes, uniq_edmund, uniq_eustachio

Skill      XL: |  1  2  3  4  5  6  7 |
---------------+----------------------+-----
Transmutations | 1 |  1.0
Earth Magic    | 3 4 5 |  5.2
Stealth        | 2 |  2.7
Dodging        | 2 |  2.6
Spellcasting   | 3 4 |  4.9
Fighting       | 1 |  1.4
Shields        | |  0.5

Action                   |  1- 3 |  4- 6 |  7- 9 || total
-------------------------+-------+-------+-------++-------
Melee: Dagger            |    11 |     5 |       ||    16
       Kick              |       |     2 |       ||     2
 Cast: Sandblast         |    44 |    87 |    11 ||   142
  Use: Scroll            |     3 |     3 |       ||     6
       Potion            |       |     1 |     1 ||     2
 Stab: Sleeping          |     3 |     1 |       ||     4
Armor: Robe              |     2 |    15 |     5 ||    22
Dodge: Dodged            |    13 |    30 |    11 ||    54
Block: Other             |     3 |    20 |     1 ||    24
